 Dungeon Crawl Stone Soup version 0.16-a0-231-g3d5c238 (webtiles) character file.

119184 Ololoev the Eclecticist (level 16, -1/145 HPs)
             Began as a Tengu Air Elementalist on Aug 19, 2014.
             Was a High Priest of Vehumet.
             Slain by a deep elf blademaster
             ... wielding a +0 cutlass
              (12 damage)
             ... on Level 3 of the Elven Halls on Aug 21, 2014.
             The game lasted 04:28:41 (41807 turns).

Ololoev the Eclecticist (Tengu Air Elementalist)   Turns: 41807, Time: 04:28:43

HP  -1/145       AC 14     Str 14      XL: 16   Next: 78%
MP  15/49        EV 19     Int 21      God: Vehumet [*****.]
Gold 1224        SH 12     Dex 16      Spells:  9 memorised, 16 levels left

rFire  + . .     SeeInvis +     O - +0 cutlass (protect)
rCold  + . .     Clarity  +     e - +2 robe {rC+ rF+}
rNeg   + . .     rCorr    .     D - +2 shield
rPois  .         rRot     .     Q - +0 mask of the Dragon {MR+ Slay+3 SInv}
rElec  .         Spirit   .     k - +1 cloak
SustAb .         Warding  .     J - +2 pair of gloves
rMut   .         Stasis   .     (boots unavailable)
Gourm  .                        L - amulet of clarity
MR     ++...                    o - ring of positive energy
                                s - ring of magical power

@: berserking, flying quickly and evasively, regenerating, repel missiles, very
quick, very resistant to hostile enchantments, extremely unstealthy
A: able to fly continuously, beak, talons 3
a: Stop Flying, Renounce Religion


You were on level 3 of the Elven Halls.
You worshipped Vehumet.
Vehumet was extremely pleased with you.
You were hungry.

You visited 5 branches of the dungeon, and saw 29 of its levels.
You also visited: Sewer.

You collected 2836 gold pieces.
You spent 1612 gold pieces at shops.

Inventory:

Hand weapons
 t - a +0 dagger of electrocution
 O - a +0 cutlass of protection (weapon)
Armour
 e - a +2 robe of resistance (worn)
 k - a +1 cloak (worn)
 D - a +2 shield (worn)
 J - a +2 pair of gloves (worn)
 Q - the +0 mask of the Dragon (worn) {MR+ Slay+3 SInv}
   (You found it on level 8 of the Lair of Beasts)

   It affects your accuracy and damage with ranged weapons and melee attacks
   (+3).
   It affects your resistance to hostile enchantments.
   It enhances your eyesight.
Magical devices
 r - a wand of teleportation (5)
 C - a wand of digging (11)
Comestibles
 c - 15 bread rations
 A - 3 meat rations
 R - a beef jerky
Scrolls
 d - 8 scrolls of remove curse
 h - 3 scrolls of enchant weapon
 i - 2 scrolls of blinking
 j - 14 scrolls of teleportation
 m - 4 scrolls of fog
 w - 5 scrolls of enchant armour
 y - a scroll of amnesia
 F - a scroll of immolation
 G - 4 scrolls of recharging
 I - a scroll of fear
 K - 3 scrolls of identify
 N - a scroll of holy word {unknown}
Jewellery
 b - an uncursed ring of protection from fire
 o - a ring of positive energy (right hand)
 s - a ring of magical power (left hand)
 x - an uncursed ring of protection from cold
 L - an amulet of clarity (around neck)
Potions
 f - a potion of cure mutation
 g - 5 potions of might
 p - 3 potions of brilliance
 q - 2 potions of resistance
 u - 8 potions of curing
 v - 5 potions of agility
 B - 2 potions of cancellation
 E - 4 potions of haste
 H - a potion of porridge
 M - 2 potions of poison {unknown}
 P - a potion of restore abilities
Magical staves
 n - an uncursed staff of fire


   Skills:
 - Level 10.0 Fighting
 - Level 8.5 Dodging
 - Level 2.0 Stealth
 - Level 6.8 Shields
 + Level 17.6 Spellcasting
 - Level 13.2 Conjurations
 - Level 0.8 Charms
 - Level 1.4 Necromancy
 - Level 6.0 Ice Magic
 - Level 13.3 Air Magic
   Level 6.8 Poison Magic


You had 16 spell levels left.
You knew the following spells:

 Your Spells              Type           Power        Failure   Level  Hunger
a - Shock                 Conj/Air       ####         1%          1    None
b - Repel Missiles        Chrm/Air       #####.       1%          2    None
c - Swiftness             Chrm/Air       #####...     1%          2    None
d - Lightning Bolt        Conj/Air       ######....   1%          5    None
e - Conjure Ball Lightni  Conj/Air       ######....   1%          6    ####...
f - Fireball              Conj/Fire      #####.....   3%          5    None
g - Summon Lightning Spi  Summ/Air       #####...     4%          4    None
h - Regeneration          Chrm/Necr      ###.......   12%         3    None
i - Freezing Cloud        Conj/Ice/Air   ######....   3%          6    ####...


Dungeon Overview and Level Annotations

Branches:
Dungeon (13/15)            Temple (1/1) D:7             Orc (4/4) D:11
    Elf (3/3) Orc:4          Lair (8/8) D:11          Swamp (0/5) Lair:5
  Snake (0/5) Lair:6        Slime (0/6) Lair:6
 Vaults: D:13-14

Altars:
Ashenzari
Elyvilon
Okawaru
Qazlal
Trog
Vehumet
The Shining One

Shops:
D:4 %   D:8 %   D:12 %?}[   Orc:2 (   Orc:4 ([*:

Portals:
Trove: Elf:2 (give wand of hasting (8))


Innate Abilities, Weirdness & Mutations

You can fly continuously.
You have a beak for a mouth.
You have claws for feet.


Message History

Drink which item? (? for menu, Esc to quit)
A red film seems to cover your vision as you go berserk!
You feel yourself moving faster!
You feel mighty!
The deep elf blademaster is engulfed in freezing vapours.
The deep elf blademaster barely misses you.
The deep elf blademaster completely misses you.
The deep elf demonologist is engulfed in freezing vapours.
The deep elf blademaster is engulfed in freezing vapours.
You block the deep elf blademaster's attack.
The deep elf blademaster hits you but does no damage.
You are too berserk!
Eat which item? (? for menu, Esc to quit)
Okay, then.
You completely miss the deep elf blademaster.
Your kick misses the deep elf blademaster.
The deep elf blademaster is almost dead.
The deep elf blademaster hits you with a cutlass!
* * * LOW HITPOINT WARNING * * *
The deep elf blademaster hits you with a runed cutlass!
You die...

*,,,***,...§,***,,,*
**,,,*,,.§§e,,*,,,**
**,,,,,#e2#,,,,,**
**,,,*#..#*,,,**
**,**#§§#**,** ***
#§§# *** #§§# # #e§#
### #@§# ##.. #)##
#.#. #[# ###... #)#
#..... #(# #.....
#[# #..... #.#
#....P #)# #.....
#.# #.....


You could see a deep elf blademaster, a balrug, a deep elf annihilator and a
deep elf demonologist.

Vanquished Creatures
  An orc warlord (Orc:4)
  5 deep elf sorcerers (Elf:3)
  2 deep elf demonologists
  A stone giant (Orc:4)
  7 deep elf annihilators
  Snorg (Lair:5)
  5 vault guards (Elf:2)
  6 deep elf high priests
  A naga warrior (Lair:6)
  11 hydras
  Erica (D:12)
  The ghost of hackum the Fighter, an experienced DgFi (D:10)
  6 death yaks
  A deep troll shaman (Lair:8)
  3 orc high priests (Orc:4)
  Nergalle (D:12)
  A catoblepas (Lair:8)
  6 deep elf knights
  3 unseen horrors
  7 deep elf summoners
  Erolcha (D:11)
  3 lindwurms (Lair:8)
  A necromancer (Lair:7)
  15 deep elf conjurers
  4 orc sorcerers (Orc:4)
  4 hill giants
  4 griffons
  4 ugly things
  5 orc knights
  An oklob plant (Lair:2)
  2 cyclopes
  A manticore (D:13)
  6 black mambas
  2 elephants (Lair:8)
  A cyclops (shapeshifter) (Elf:3)
  17 spiny frogs
  A torpor snail (Lair:6)
  4 fire drakes
  8 komodo dragons
  4 trolls
  6 deep elf priests
  3 polar bears
  Sonja (D:12)
  A merfolk (D:11)
  Prince Ribbit (D:8)
  7 blink frogs
  3 slime creatures
  3 two-headed ogres
  A boulder beetle (Lair:5)
  4 basilisks
  3 wraiths
  3 tarantellas (Orc:2)
  A hill giant zombie (D:10)
  3 hungry ghosts
  6 wyverns
  32 yaks
  26 deep elf magi
  6 hippogriffs
  A steam dragon (D:12)
  9 deep elf fighters
  4 vampire mosquitoes (D:12)
  13 wolves
  2 wargs
  Edmund (D:5)
  6 nagas (Lair:6)
  8 porcupines
  2 sky beasts
  3 ice beasts
  2 black bears
  15 water moccasins
  7 ogres
  A spider (Orc:2)
  A tengu skeleton (D:11)
  4 phantoms
  18 orc warriors
  A yellow wasp (D:13)
  2 necrophages
  10 centaurs
  2 big kobolds
  A boring beetle (Lair:6)
  Sigmund (D:3)
  A gnoll sergeant (D:13)
  17 giant frogs
  11 crocodiles
  A scorpion (D:11)
  A cyclops zombie (D:13)
  8 killer bees
  4 troll zombies (D:11)
  7 electric eels
  A hippogriff skeleton (D:11)
  3 wights (D:6)
  7 crimson imps
  A goliath beetle (D:6)
  An elf zombie (D:11)
  21 orc priests
  2 jellies
  A centaur skeleton (D:7)
  A spectral orc (D:12)
  A giant frog skeleton (D:10)
  16 iguanas
  21 orc wizards
  Natasha (twice) (D:3)
  An elf skeleton (D:10)
  2 yak simulacra (Lair:7)
  12 hounds
  16 sheep
  5 ogre zombies (D:11)
  5 polar bear simulacra (Lair:7)
  2 wolf simulacra (Lair:7)
  13 worker ants
  Ijyb (D:3)
  Jessica (D:3)
  An ogre skeleton (D:6)
  A mummy (D:7)
  A hound zombie (D:11)
  Terence (D:2)
  9 gnolls
  14 adders
  2 shadow imps
  32 green rats
  2 giant mites (D:6)
  5 worms
  7 giant geckos
  143 orcs
  3 ball pythons
  15 bats
  A bat skeleton (D:4)
  2 bat zombies
  11 giant cockroaches
  14 goblins
  30 hobgoblins
  6 jackals
  8 giant newts
  2 giant spores
  3 goblin zombies (D:11)
  2 green rat simulacra (Lair:7)
  A hobgoblin skeleton (D:11)
  4 hobgoblin zombies
  22 kobolds
  A kobold skeleton (D:6)
  A kobold zombie (D:7)
  2 orc skeletons (D:11)
  24 orc zombies
  17 quokkas
  25 rats
  2 ballistomycetes
  3 bushes
  6 crawling corpses
  35 fungi
  18 plants
1044 creatures vanquished.

Vanquished Creatures (collateral kills)
  2 lindwurms (Lair:8)
  A fire drake (Lair:8)
  A crocodile (Lair:8)
  An orc wizard (Orc:4)
5 creatures vanquished.

Vanquished Creatures (others)
  2 deep elf sorcerers (Elf:3)
  2 deep elf demonologists (Elf:3)
  A deep elf annihilator (Elf:3)
  2 deep elf high priests (Elf:3)
  A deep elf knight (Elf:3)
  A deep elf summoner (Elf:3)
  A deep elf conjurer (Elf:3)
  2 ball lightnings (Elf:3)
  A deep elf mage (Elf:3)
  2 deep elf fighters (Elf:3)
  A crocodile (Lair:6)
  2 lightning spires
  2 sheep (Lair:5)
  An adder (Lair:3)
  A giant spore (D:11)
  A crawling corpse (Elf:3)
  13 fungi
  3 plants
39 creatures vanquished.

Grand Total: 1088 creatures vanquished

Notes
Turn   | Place    | Note
--------------------------------------------------------------
     0 | D:1      | Ololoev, the Tengu Air Elementalist, began the quest for the Orb.
     0 | D:1      | Reached XP level 1. HP: 10/10 MP: 3/3
   383 | D:1      | Reached XP level 2. HP: 12/15 MP: 0/5
   816 | D:1      | Reached XP level 3. HP: 19/19 MP: 4/7
  1524 | D:2      | Reached XP level 4. HP: 24/24 MP: 4/8
  1570 | D:2      | Noticed Terence
  1575 | D:2      | Learned a level 2 spell: Repel Missiles
  1578 | D:2      | Learned a level 2 spell: Swiftness
  1991 | D:2      | Killed Terence
  1991 | D:2      | Reached skill level 5 in Conjurations
  1991 | D:2      | Reached skill level 5 in Air Magic
  2060 | D:3      | Noticed Natasha
  2074 | D:3      | Killed Natasha
  2074 | D:3      | Reached XP level 5. HP: 28/28 MP: 5/11
  2187 | D:3      | Noticed Jessica
  2194 | D:3      | Killed Jessica
  2200 | D:3      | Noticed Natasha
  2203 | D:3      | Killed Natasha
  2414 | D:3      | Noticed Ijyb
  2428 | D:3      | Killed Ijyb
  2428 | D:3      | Reached skill level 6 in Conjurations
  2495 | D:3      | Noticed Sigmund
  2507 | D:3      | Killed Sigmund
  2507 | D:3      | Reached XP level 6. HP: 10/32 MP: 0/12
  2763 | D:3      | Noticed a sky beast
  2861 | D:3      | Found a bloodstained altar of Trog.
  2868 | D:3      | Found a white marble altar of Elyvilon.
  2998 | D:4      | Reached skill level 7 in Conjurations
  3645 | D:4      | Found Coghel's Food Boutique.
  3660 | D:5      | Entered Level 5 of the Dungeon
  3673 | D:5      | Reached XP level 7. HP: 36/36 MP: 9/14
  3706 | D:5      | Found an iron altar of Okawaru.
  3824 | D:5      | Noticed Edmund
  4103 | D:5      | Killed Edmund
  4553 | D:6      | Reached skill level 8 in Air Magic
  4957 | D:6      | Reached XP level 8. HP: 41/41 MP: 10/16
  5078 | D:6      | Reached skill level 9 in Air Magic
  5131 | D:6      | Found a glowing drain.
  5137 | Sewer    | Entered a sewer
  5389 | Sewer    | Found a white marble altar of Elyvilon.
  5430 | Sewer    | Learned a level 3 spell: Flight
  5827 | D:6      | Reached skill level 5 in Spellcasting
  5827 | D:6      | Reached skill level 13 in Conjurations
  5827 | D:6      | Reached XP level 9. HP: 45/45 MP: 16/23
  5834 | D:6      | Learned a level 5 spell: Lightning Bolt
  6422 | D:7      | Found a staircase to the Ecumenical Temple.
  6431 | Temple   | Entered the Ecumenical Temple
  6453 | Temple   | Became a worshipper of Vehumet
  6554 | D:7      | Reached skill level 1 in Fighting
  7358 | D:7      | Acquired Vehumet's first power
  7358 | D:7      | Offered knowledge of Magic Dart by Vehumet.
  7707 | D:7      | Reached XP level 10. HP: 49/56 MP: 24/24
  7719 | D:7      | Got a twitching glass ring
  7721 | D:7      | Identified the ring "Luiniock" {Str-1 Dex+1 Stlth-} (You found it on level 7 of the Dungeon)
  8020 | D:8      | Found Musite's Food Boutique.
  8078 | D:8      | Noticed a cyclops
  8110 | D:8      | Noticed Prince Ribbit
  8110 | D:8      | Killed Prince Ribbit
  8406 | D:8      | Killed a cyclops
  8758 | D:9      | Found a glowing golden altar of the Shining One.
  8854 | D:9      | Offered knowledge of Throw Frost by Vehumet.
  9236 | D:10     | Entered Level 10 of the Dungeon
  9254 | D:10     | Noticed hackum's ghost (experienced DgFi)
  9440 | D:10     | Reached skill level 5 in Fighting
  9807 | D:10     | Killed hackum's ghost
  9807 | D:10     | Reached skill level 5 in Dodging
  9954 | D:10     | Noticed a hill giant
 10329 | D:10     | Killed a hill giant
 10329 | D:10     | Reached XP level 11. HP: 64/64 MP: 18/27
 10657 | D:11     | Offered knowledge of Searing Ray by Vehumet.
 10660 | D:11     | Found a staircase to the Orcish Mines.
 10994 | D:11     | Noticed Erolcha
 10998 | D:11     | Killed Erolcha
 11220 | D:11     | Acquired Vehumet's second power
 11619 | D:11     | Offered knowledge of Stone Arrow by Vehumet.
 11660 | D:11     | Found a staircase to the Lair.
 11686 | D:11     | Noticed a hill giant
 11693 | D:11     | Killed a hill giant
 12908 | D:12     | Found Ceecked's Magic Scroll Shoppe.
 12933 | D:12     | Acquired Vehumet's third power
 12955 | D:12     | Offered knowledge of Ignite Poison by Vehumet.
 13027 | D:12     | Bought a scroll of identify for 26 gold pieces
 13027 | D:12     | Bought a scroll of identify for 26 gold pieces
 13027 | D:12     | Bought a scroll of fear for 45 gold pieces
 13027 | D:12     | Bought a scroll of blinking for 97 gold pieces
 13135 | D:12     | Killed an unseen horror
 13147 | D:12     | Noticed a hill giant
 13150 | D:12     | Killed a hill giant
 13159 | D:12     | Noticed a hill giant
 13167 | D:12     | Killed a hill giant
 13223 | D:12     | Found Troehona's Food Shop.
 13250 | D:12     | Found Stoqociw's Gadget Shoppe.
 13306 | D:12     | Killed an unseen horror
 13306 | D:12     | Reached XP level 12. HP: 27/75 MP: 5/29
 13677 | D:12     | Found Qeexkez's Armour Boutique.
 13702 | D:12     | Noticed Sonja
 13709 | D:12     | Killed Sonja
 13711 | D:12     | Noticed Erica
 13714 | D:12     | Killed Erica
 14098 | D:12     | Noticed Nergalle
 14100 | D:12     | Killed Nergalle
 14295 | D:12     | Noticed an eight-headed hydra
 14355 | D:12     | Killed an eight-headed hydra
 14593 | D:12     | Reached skill level 10 in Fighting
 15323 | D:13     | Reached skill level 1 in Shields
 15700 | D:13     | Offered knowledge of Poison Arrow by Vehumet.
 16187 | D:13     | Reached skill level 5 in Shields
 16491 | Orc:1    | Entered Level 1 of the Orcish Mines
 17705 | Orc:2    | Reached XP level 13. HP: 82/82 MP: 18/31
 17775 | Orc:2    | Found Diockiv's Antique Weapon Boutique.
 17778 | Orc:2    | Bought a warped cutlass for 216 gold pieces
 17779 | Orc:2    | Identified the cursed -1 cutlass of Qoekaup {venom, rPois Str+3} (You bought it in a shop on level 2 of the Orcish Mines)
 17959 | Orc:2    | Offered knowledge of Poisonous Cloud by Vehumet.
 17971 | Orc:2    | Learned a level 6 spell: Poisonous Cloud
 18392 | Orc:2    | Reached skill level 1 in Poison Magic
 20153 | Orc:4    | Entered Level 4 of the Orcish Mines
 20324 | Orc:4    | Noticed an orc warlord
 20547 | Orc:4    | Noticed a stone giant
 20622 | Lair:1   | Entered Level 1 of the Lair of Beasts
 21930 | Lair:2   | Offered knowledge of Fireball by Vehumet.
 21939 | Lair:2   | Learned a level 5 spell: Fireball
 21957 | Lair:2   | Got a distressingly furry robe
 21968 | Lair:2   | Identified the +1 robe of the Jabberwock {Str+1 Int+2} (You found it on level 2 of the Lair of Beasts)
 21997 | Lair:2   | Reached skill level 5 in Poison Magic
 25978 | Lair:4   | Reached skill level 10 in Spellcasting
 27298 | Lair:5   | Found a staircase to the Swamp.
 27362 | Lair:5   | Reached XP level 14. HP: 76/88 MP: 28/33
 27790 | Lair:5   | Noticed Snorg
 27815 | Lair:5   | Killed Snorg
 29655 | Lair:6   | Found a staircase to the Slime Pits.
 30655 | Lair:6   | Found a staircase to the Snake Pit.
 31907 | Lair:7   | Got a pitted lead ring
 31909 | Lair:7   | Identified the ring of the Three Spirits {Str+2 Dex-1} (You found it on level 7 of the Lair of Beasts)
 32840 | Lair:8   | Entered Level 8 of the Lair of Beasts
 33001 | Lair:8   | Learned a level 4 spell: Summon Lightning Spire
 33598 | Lair:8   | Learned a level 3 spell: Regeneration
 33616 | Lair:8   | Got a fine trident
 33617 | Lair:8   | Identified the +8 trident of Grod {pierce, +Rage rPois} (You found it on level 8 of the Lair of Beasts)
 33686 | Lair:8   | Reached skill level 1 in Necromancy
 33709 | Lair:8   | Offered knowledge of Freezing Cloud by Vehumet.
 33717 | Lair:8   | Learned a level 6 spell: Freezing Cloud
 34038 | Lair:8   | Reached skill level 1 in Ice Magic
 34364 | Lair:8   | Reached XP level 15. HP: 83/92 MP: 29/36
 35142 | Lair:8   | Reached skill level 14 in Spellcasting
 35327 | Lair:8   | Reached skill level 5 in Ice Magic
 36073 | Orc:4    | Killed a stone giant
 36339 | Orc:4    | Killed an orc warlord
 36535 | Orc:4    | Found a staircase to the Elven Halls.
 36953 | Orc:4    | Found Papnyn's Book Boutique.
 37275 | Orc:4    | Offered knowledge of Spellforged Servitor by Vehumet.
 37390 | Orc:4    | Found Meastacet's Armour Emporium.
 37390 | Orc:4    | Found Fineheiniy's Antique Weapon Emporium.
 37391 | Orc:4    | Found Stazoz's General Store.
 37423 | Orc:4    | Bought a bloodstained trident for 178 gold pieces
 37424 | Orc:4    | Identified the +6 trident "Vacwoynuis" {pierce, rF+} (You bought it in a shop on level 4 of the Orcish Mines)
 37440 | Orc:4    | Bought the +6 scale mail "Luant" {rElec Dex+4 Slay+4} for 1024 gold pieces
 37513 | Elf:1    | Entered Level 1 of the Elven Halls
 37737 | Elf:1    | Reached skill level 15 in Spellcasting
 38812 | Elf:2    | Reached XP level 16. HP: 97/97 MP: 28/38
 39288 | Elf:2    | Reached skill level 16 in Spellcasting
 40221 | Elf:2    | Found a portal to a secret trove of treasure.
 40273 | Elf:3    | Entered Level 3 of the Elven Halls
 40831 | Elf:3    | Offered knowledge of Conjure Ball Lightning by Vehumet.
 40839 | Elf:3    | Learned a level 6 spell: Conjure Ball Lightning
 41213 | Elf:3    | Upgraded the game from 0.16-a0-223-g37887f7 to 0.16-a0-231-g3d5c238
 41380 | Elf:3    | Reached skill level 17 in Spellcasting
 41795 | Elf:3    | Noticed a deep elf blademaster
 41804 | Elf:3    | HP: 4/97 [deep elf blademaster/cutlass (24)]
 41807 | Elf:3    | Slain by a deep elf blademaster

Action                   |  1- 3 |  4- 6 |  7- 9 | 10-12 | 13-15 | 16-18 || total
-------------------------+-------+-------+-------+-------+-------+-------++-------
Melee: Dagger            |    12 |    12 |       |       |     7 |       ||    31
       Club              |       |     6 |     2 |       |       |       ||     8
       Flail             |       |       |    51 |       |       |       ||    51
       Short sword       |       |       |    32 |   148 |   437 |     7 ||   624
       Staff             |       |       |       |       |     1 |       ||     1
       Trident           |       |       |       |       |     7 |       ||     7
       Cutlass           |       |       |       |       |       |     8 ||     8
 Cast: Shock             |    66 |   133 |   212 |   426 |   550 |     5 ||  1392
       Repel Missiles    |       |     1 |     1 |     2 |     1 |     1 ||     6
       Swiftness         |       |       |     5 |     6 |     9 |       ||    20
       Flight            |       |       |     1 |       |       |       ||     1
       Lightning Bolt    |       |       |    15 |   161 |   245 |    11 ||   432
       Poisonous Cloud   |       |       |       |       |    34 |       ||    34
       Fireball          |       |       |       |       |    38 |       ||    38
       Freezing Cloud    |       |       |       |       |    95 |    49 ||   144
       Summon Lightning  |       |       |       |       |     9 |       ||     9
       Regeneration      |       |       |       |       |     3 |     1 ||     4
       Conjure Ball Ligh |       |       |       |       |       |     1 ||     1
 Abil: Fly               |       |       |       |       |     2 |       ||     2
Evoke: Wand              |       |       |       |    12 |     8 |     3 ||    23
  Use: Scroll            |       |       |    15 |    14 |    18 |     3 ||    50
       Potion            |       |       |     1 |     3 |     2 |     3 ||     9
 Stab: Sleeping          |       |       |     1 |       |     1 |       ||     2
  Eat: Chunk             |     3 |     8 |    12 |    39 |    87 |     7 ||   156
       Meat ration       |       |       |     2 |     2 |     5 |     2 ||    11
       Fruit             |       |       |       |     7 |    20 |     2 ||    29
       Pizza             |       |       |       |     1 |       |       ||     1
       Royal jelly       |       |       |       |     2 |       |       ||     2
       Beef jerky        |       |       |       |       |     1 |       ||     1
       Bread ration      |       |       |       |       |     1 |       ||     1
